Map: Acropolis LE

Players

GOStephano (Stephano)

  • Race: Zerg Zerg
  • League: Grandmaster
  • Spawn Location: 5:00

HellraiseR - Winner!

  • Race: Protoss Protoss
  • Spawn Location: 11:00

Event: HomeStory Cup XIX

VOD

Have the link to the VOD?

Description

Time

  • Played on: June 29, 2019, 5:56 a.m.
  • Length: 16:39

All games in this series

Show
View Real Time Build Order
Export as new Build Order

GOStephano Zerg 

Build Orders: Hatch First 

Get SALT Encoding   

  12  0:00  Drone  
  13  0:12  Overlord  
  13  0:16  Drone  
  14  0:30  Drone x2  
  16  0:47  Hatchery  
  15  0:50  Drone  
  15  0:54  Drone  
  17  0:57  Drone  
  18  1:09  Extractor  
  17  1:13  Spawning Pool  
  17  1:15  Drone  
  17  1:19  Drone  
  18  1:29  Drone  
  19  1:38  Drone  
  20  1:49  Drone  
  21  2:00  Zergling x2, Queen x2  
  21  2:01  Overlord  
  26  2:10  Drone  
  26  2:12  Drone  
  28  2:20  Drone  
  28  2:22  Drone  
  30  2:26  Hatchery  
  29  2:31  Drone  
  29  2:33  Drone  
  31  2:39  Queen  
  31  2:43  Overlord  
  33  2:47  Drone  
  33  2:49  Metabolic Boost  
  34  2:58  Drone x2  
  36  3:07  Spore Crawler  
  36  3:10  Drone x6  
  40  3:14  Drone  
  40  3:16  Queen  
  40  3:19  Overlord  
  44  3:24  Evolution Chamber  
  43  3:28  Drone, Spore Crawler  
  43  3:30  Drone  
  43  3:33  Spore Crawler  
  43  3:36  Drone  
  43  3:41  Drone x3  
  47  3:43  Drone  
  47  3:45  Spore Crawler  
  47  3:48  Overlord  
  47  3:51  Drone x2  
  49  3:57  Zerg Melee Weapons Level 1  
  49  3:59  Queen  
  51  4:07  Drone x3  
  54  4:12  Drone x3  
  54  4:17  Overlord  
  57  4:18  Zergling x2  
  57  4:19  Zergling x2  
  57  4:20  Zergling x2  
  61  4:24  Zergling x6  
  61  4:30  Lair  
  63  4:35  Overlord  
  63  4:36  Overlord  
  63  4:37  Drone  
  63  4:38  Drone  
  65  4:42  Overlord  
  65  4:47  Zergling x2  
  65  4:48  Overlord x2  
  65  4:55  Overlord  
  65  4:57  Drone  
  65  4:58  Roach Warren  
  65  4:59  Zergling x10  
  70  5:05  Drone x5  
  74  5:09  Extractor  
  74  5:10  Extractor  
  74  5:12  Drone x2  
  72  5:17  Zergling x8  
  76  5:22  Zergling x8  
  76  5:25  Zergling x8  
  84  5:32  Overlord  
  84  5:36  Overlord  
  84  5:38  Overlord  
  84  5:46  Zergling x4  
  81  5:57  Drone x9  
  85  5:59  Zerg Melee Weapons Level 2  
  85  6:01  Glial Reconstitution  
  85  6:08  Hatchery  
  85  6:09  Overlord  
  85  6:10  Drone  
  84  6:14  Overlord  
  84  6:17  Overlord  
  84  6:21  Roach x5  
  91  6:26  Roach x2  
  91  6:31  Roach  
  93  6:37  Roach x2  
  93  6:38  Extractor  
  96  6:40  Roach  
  93  6:49  Overlord  
  93  6:51  Drone x9  
  95  6:59  Drone  
  91  7:07  Drone x4  
  91  7:08  Drone x4  
  99  7:14  Drone  
  99  7:15  Drone  
  100  7:19  Baneling Nest  
  97  7:24  Extractor  
  97  7:28  Overlord  
  96  7:31  Overlord  
  96  7:33  Drone  
  96  7:34  Drone x5  
  102  7:44  Overlord  
  102  7:46  Roach x5  
  112  7:58  Overlord  
  106  8:09  Roach x14  
  106  8:10  Centrifical Hooks  
  128  8:15  Overlord  
  128  8:19  Zerg Missile Weapons Level 1  
  128  8:20  Zergling x6  
  128  8:23  Pneumatized Carapace  
  131  8:30  Zergling x14  
  138  8:38  Hatchery  
  137  8:41  Zergling x2  
  137  8:42  Zergling x14  
  137  8:43  Ravager  
  137  8:44  Ravager x3  
  137  8:46  Baneling  
  137  8:47  Baneling  
  150  8:48  Zergling x8  
  153  8:57  Zergling x8  
  153  9:02  Zergling x12  
  163  9:06  Hatchery  
  163  9:07  Overseer  
  163  9:08  Spore Crawler  
  161  9:10  Zergling x10  
  160  9:20  Zergling x8  
  159  9:33  Zergling x24  
  154  9:41  Roach x4  
  162  9:47  Baneling x18  
  162  9:50  Baneling x6  
  161  9:54  Roach x2  
  161  9:55  Zergling x16  
  173  10:03  Zergling x14  
  180  10:11  Baneling x9  
  180  10:13  Zergling x8  
  183  10:20  Roach x3  
  169  10:32  Roach x8  
  153  10:35  Roach  
  153  10:36  Roach  
  153  10:41  Roach x4  
  129  10:45  Zergling x8  
  129  10:49  Zergling x6  
  119  10:55  Roach x7  
  119  10:56  Zergling x4  
  130  11:02  Roach x4  
  133  11:07  Overlord  
  133  11:08  Roach  
  130  11:11  Roach x2  
  130  11:17  Roach x2  
  135  11:22  Roach x6  
  135  11:23  Zergling x4  
  149  11:31  Baneling Nest  
  148  11:33  Extractor  
  148  11:35  Zergling x2  
  148  11:36  Zergling x14  
  155  11:42  Zergling x6  
  155  11:44  Hatchery  
  157  11:53  Zergling x12  
  158  11:59  Zergling x14  
  162  12:03  Roach x2  
  162  12:06  Zergling x2  
  157  12:15  Zergling x10  
  138  12:26  Roach x8  
  150  12:31  Drone x3  
  150  12:34  Overseer  
  147  12:37  Baneling x7  
  147  12:38  Baneling  
  147  12:44  Drone x4  
  147  12:46  Ravager x2  
  147  12:47  Ravager x2  
  155  12:52  Overseer  
  155  13:02  Drone x3  
  155  13:03  Drone x7  
  159  13:24  Roach x2  
  159  13:25  Roach x8  
  170  13:39  Zergling x14  
  170  13:40  Zergling x10  
  180  13:43  Baneling x6  
  180  13:44  Baneling  
  180  13:46  Overseer  
  180  13:50  Spine Crawler  
  180  13:52  Spine Crawler  
  178  13:59  Drone x6  
  178  14:00  Drone  
  185  14:10  Zergling x22  
  194  14:18  Spore Crawler  
  193  14:27  Zergling x12  
  199  14:33  Baneling x12  
  199  14:34  Baneling x16  
  199  14:40  Infestation Pit  
  199  14:43  Baneling x6  
  198  15:03  Zergling x2  
  198  15:05  Zergling x6  
  196  15:12  Zergling x18  
  199  15:19  Zergling x12  
  195  15:28  Spine Crawler  
  195  15:29  Spine Crawler x3  
  195  15:30  Spire  
  195  15:31  Extractor  
  189  15:39  Baneling x6  
  189  15:40  Baneling x6  
  189  15:47  Zergling x22  
  195  16:01  Zergling x30  
Show
View Real Time Build Order
Export as new Build Order

HellraiseR Protoss - Winner!

Build Orders: 1 Gate Expand, Oracle Opening, Phoenix Opening 

Get SALT Encoding   

  12  0:00  Probe  
  13  0:12  Probe  
  14  0:20  Pylon  
  14  0:24  Probe  
  15  0:35  Probe  
  15  0:39  Gateway  
  16  0:43  Probe  
  16  0:49  Assimilator  
  17  0:53  Probe  
  18  1:05  Probe  
  19  1:20  Nexus  
  19  1:23  Probe  
  20  1:35  Cybernetics Core  
  20  1:37  Probe  
  21  1:44  Assimilator  
  21  1:49  Probe  
  21  1:51  Pylon  
  22  2:00  Probe  
  23  2:01  Adept  
  23  2:08  Probe  
  26  2:16  Probe  
  27  2:23  Stargate  
  27  2:27  Probe x2  
  28  2:35  Stalker, Probe  
  31  2:39  Probe  
  33  2:46  Probe  
  33  2:49  Warp Gate  
  34  2:51  Probe  
  34  2:58  Probe  
  36  3:00  Gateway  
  36  3:01  Oracle  
  36  3:03  Probe  
  37  3:10  Probe  
  39  3:16  Probe  
  39  3:19  Pylon  
  40  3:22  Probe  
  40  3:26  Gateway  
  41  3:28  Probe  
  41  3:30  Adept, Phoenix  
  44  3:34  Probe  
  44  3:40  Probe  
  48  3:44  Pylon  
  48  3:46  Probe  
  48  3:47  Assimilator  
  49  3:49  Assimilator  
  49  3:52  Probe  
  49  3:53  Oracle  
  50  3:58  Probe  
  54  4:04  Probe  
  55  4:10  Probe  
  55  4:16  Probe  
  54  4:18  Twilight Council  
  54  4:22  Probe, Pylon  
  55  4:28  Probe, Oracle  
  59  4:34  Probe  
  59  4:37  Adept  
  62  4:40  Probe, Adept x2, Resonating Glaives  
  67  4:46  Forge  
  69  4:52  Probe  
  69  4:57  Nexus  
  68  5:00  Adept  
  68  5:09  Adept x2  
  68  5:13  Probe, Pylon  
  70  5:15  Protoss Ground Weapons Level 1  
  70  5:21  Robotics Facility  
  70  5:26  Pylon  
  70  5:29  Pylon  
  70  5:33  Probe x2  
  72  5:40  Adept x3  
  78  5:49  Probe  
  79  5:51  Probe  
  76  6:01  Probe, Adept x3  
  76  6:03  Probe  
  84  6:10  Probe  
  85  6:13  Probe, Immortal  
  85  6:15  Probe  
  91  6:22  Probe  
  91  6:23  Probe  
  91  6:24  Adept x3  
  97  6:27  Probe  
  97  6:31  Probe  
  95  6:34  Probe  
  95  6:36  Blink, Robotics Bay  
  95  6:39  Probe  
  98  6:40  Probe  
  98  6:42  Immortal  
  98  6:46  Probe  
  98  6:51  Probe  
  98  6:52  Probe  
  97  7:01  Sentry  
  97  7:02  Sentry x2  
  97  7:05  Gateway  
  97  7:06  Gateway  
  96  7:11  Immortal  
  96  7:13  Gateway  
  96  7:14  Probe  
  96  7:15  Probe  
  96  7:21  Probe, Protoss Ground Weapons Level 2  
  96  7:22  Assimilator  
  99  7:24  Assimilator, Pylon  
  99  7:30  Stalker x3  
  99  7:35  Shield Battery  
  99  7:36  Photon Cannon, Colossus  
  105  7:40  Pylon  
  105  7:44  Gateway  
  105  7:46  Gateway  
  105  7:48  Pylon  
  111  7:53  Stalker x2  
  115  8:08  Stalker x4  
  115  8:12  Pylon  
  123  8:15  Photon Cannon  
  123  8:17  Pylon  
  123  8:18  Photon Cannon  
  123  8:21  Pylon  
  123  8:31  Pylon  
  123  8:32  Observer, Sentry x2, Stalker  
  123  8:33  Pylon  
  129  8:36  Stalker  
  129  8:39  Stalker x3  
  138  8:44  Stalker, Warp Prism  
  142  9:00  Nexus  
  142  9:06  Sentry x2  
  142  9:07  Stalker, Sentry  
  142  9:09  Stalker  
  152  9:18  Stalker x3  
  158  9:32  Protoss Ground Weapons Level 3  
  158  9:37  Stalker x5  
  168  9:43  Pylon  
  168  9:45  Probe x2  
  170  9:46  Probe  
  171  9:56  Stalker  
  173  10:00  Pylon  
  173  10:02  Pylon  
  173  10:13  Charge  
  173  10:14  Stalker  
  173  10:15  Stalker x5  
  173  10:17  Probe x2  
  173  10:20  Probe  
  160  10:21  Probe  
  160  10:25  Probe x2  
  159  10:32  Probe  
  159  10:34  Probe x2  
  159  10:35  Probe  
  117  10:44  Stalker x3  
  117  10:45  Probe x2  
  117  10:46  Probe  
  117  10:47  Probe  
  117  10:51  Stalker x2  
  117  10:53  Probe  
  122  10:57  Probe  
  122  10:58  Probe  
  122  10:59  Probe, Colossus  
  122  11:01  Probe  
  110  11:18  Stalker x5, Zealot  
  115  11:19  Sentry  
  115  11:25  Zealot  
  129  11:28  Assimilator  
  129  11:29  Assimilator  
  129  11:31  Extended Thermal Lance, Pylon  
  129  11:36  Photon Cannon  
  129  11:37  Probe  
  130  11:49  Colossus  
  128  11:56  Probe  
  128  11:58  Probe  
  128  12:00  Probe  
  123  12:02  Probe  
  123  12:05  Zealot x5  
  130  12:30  Stalker x3  
  130  12:31  Stalker x4  
  130  12:33  Sentry  
  138  12:44  Observer  
  136  12:50  Protoss Shields Level 1  
  137  12:57  Colossus  
  137  12:59  Templar Archives  
  137  13:02  Nexus  
  143  13:05  Zealot  
  143  13:09  Probe  
  143  13:10  Probe  
  143  13:11  Probe  
  147  13:20  Stalker  
  147  13:21  Probe  
  147  13:22  Probe  
  147  13:23  Probe  
  147  13:33  Probe  
  147  13:34  Probe  
  149  13:35  Probe  
  150  13:45  Probe, High Templar x4  
  150  13:46  Stalker x3, Probe  
  150  13:48  Probe  
  167  13:50  Observer, Colossus  
  167  13:56  Archon x2  
  167  13:57  Probe  
  167  14:02  Zealot  
  176  14:14  Zealot x3  
  180  14:25  High Templar x2  
  180  14:26  Stalker x3, Observer  
  180  14:30  Archon  
  190  14:39  Zealot x3  
  190  14:42  Dark Shrine  
  196  14:50  Zealot x2  
  197  15:08  Probe  
  197  15:09  Probe x2  
  169  15:19  High Templar x4  
  169  15:20  Probe, High Templar x2  
  169  15:21  Probe x2, Zealot x2  
  184  15:23  Archon x2  
  184  15:24  Archon  
  180  15:28  Probe x2  
  180  15:29  Probe  
  180  15:33  Probe  
  184  15:36  Probe  
  184  15:37  Probe  
  184  15:42  Zealot x2  
  189  15:45  Probe  
  192  15:52  Zealot x5  
  192  15:55  Probe x2  
  194  15:58  Probe  
  194  15:59  Probe  
  192  16:07  Probe x2  
  192  16:10  Probe  
  148  16:26  Zealot x7  
Tags
 
Add a new tag
Caveats
  • Supply blocks, unpowered buildings, or Contaminate may cause inaccurate times.
  • Supply counts are checked every 10 seconds.